 Dungeon Crawl Stone Soup version 0.25.0-11-g1f837a76a1 (webtiles) character file.

Game seed: 13552936647408570877

11594 Delamore the Fighter (level 11, -8/79 HPs)
             Began as a Gargoyle Fighter on June 24, 2020.
             Was a High Priest of Okawaru.
             Mangled by a freezing wraith (11 damage)
             ... in an ice cave.
             The game lasted 00:13:07 (11267 turns).

Delamore the Fighter (Gargoyle Fighter)            Turns: 11267, Time: 00:13:07

Health: -8/79      AC: 20    Str: 28    XL:     11   Next: 80%
Magic:  11/11      EV:  7    Int: 10    God:    Okawaru [*****.]
Gold:   239        SH: 11    Dex:  9    Spells: 10/10 levels left

rFire    . . .     SeeInvis +   a - +0 flail
rCold    + . .     Gourm    .   M - +1 kite shield of Amorality {Str+6}
rNeg     + . .     Faith    .   w - +1 scale mail {rF+}
rPois    ∞         Spirit   .   y - +1 helmet
rElec    +         Reflect  .   o - +0 cloak
rCorr    .         Harm     .   I - +0 pair of gloves
MR       .....                  (no boots)
Stlth    ..........             (no amulet)
HPRegen  0.23/turn              m - ring of the Lost Nightmares {Ice SInv Stlth+}
MPRegen  0.12/turn              b - ring of attention (curse)

@: no status effects
A: negative energy resistance 1, electricity resistance, unbreathing,
petrification resistance, rot immunity, AC +8
a: Heroism, Finesse, Renounce Religion


You were in an ice cave.
You worshipped Okawaru.
Okawaru was extremely pleased with you.
You were near starving.

You visited 2 branches of the dungeon, and saw 12 of its levels.
You also visited: Ice Cave.

You collected 530 gold pieces.
You spent 291 gold pieces at shops.

Inventory:

Hand Weapons
 a - a +0 flail (weapon)
 h - a +2 whip of electrocution
Missiles
 r - 31 poisoned darts (quivered)
 Q - a throwing net
Armour
 o - a +0 cloak (worn)
 w - a +1 scale mail of fire resistance (worn)
 y - a +1 helmet (worn)
 I - a +0 pair of gloves (worn)
 M - the +1 kite shield of Amorality (worn) {Str+6}
   (You bought it in a shop on level 9 of the Dungeon)

   It affects your strength (+6).
 O - a +0 plate armour
Jewellery
 b - a cursed ring of attention (right hand)
 m - the ring of the Lost Nightmares (left hand) {Ice SInv Stlth+}
   (You found it on level 6 of the Dungeon)

   [ring of ice]

   It enhances your ice magic.
   It makes you vulnerable to fire.
   It protects you from cold.
   It lets you see invisible.
   It makes you more stealthy.
 q - an uncursed ring of flight
 D - a +4 ring of protection
 L - a +6 ring of intelligence
 N - an uncursed ring of fire
Wands
 g - a wand of random effects (48)
 z - a wand of polymorph (3)
 C - a wand of enslavement (12)
 E - a wand of acid (11)
 H - a wand of flame (22)
Scrolls
 n - a scroll of noise
 p - a scroll of enchant weapon
 s - 2 scrolls of fear
 t - 2 scrolls of blinking
 v - a scroll of teleportation
 x - 4 scrolls of amnesia
 A - a scroll of fog
 F - a scroll of remove curse
 G - a scroll of immolation
 K - a scroll of enchant armour {unknown}
Potions
 d - a potion of might
 e - 4 potions of degeneration
 j - 5 potions of curing
 k - a potion of mutation {unknown}
 l - 2 potions of brilliance {unknown}
 u - a potion of berserk rage
 B - a potion of lignification {unknown}
 J - a potion of flight {unknown}
Comestibles
 f - 9 rations


   Skills:
 + Level 13.8 Fighting
 + Level 13.0 Maces & Flails
 - Level 3.2 Armour
 - Level 3.2 Shields


You had 10 spell levels left.
You didn't know any spells.
Your spell library contained the following spells:

 Spells                   Type           Power        Failure   Level  Hunger
 Summon Butterflies       Summ           #.......     98%         1    ##.....
 Call Canine Familiar     Summ           #.......     100%        3    ####...
 Summon Ice Beast         Ice/Summ       #.......     100%        4    #####..
 Summon Mana Viper        Hex/Summ       #.......     100%        5    ######.
 Summon Hydra             Summ           #.........   100%        7    #######


Dungeon Overview and Level Annotations

Branches:
Dungeon (11/15)            Temple (1/1) D:7            Lair (0/6) D:10
    Orc (0/2) D:9           IceCv (1/1)

Altars:
Cheibriados
Dithmenos
Elyvilon
Fedhas
Gozag
Hepliaklqana
Kikubaaqudgha
Nemelex Xobeh
Okawaru
Qazlal
Ru
Sif Muna
Trog
Uskayaw
Vehumet
Wu Jian
Xom
Yredelemnul
Zin
The Shining One

Shops:
D:5 %   D:9 ([

Annotations:
D:6 2 transporters


Innate Abilities, Weirdness & Mutations

You are resistant to torment.
Your stone body is resilient. (AC +8)
You are immune to poison.
You resist negative energy. (rN+)
You are resistant to electric shocks. (rElec)
You can survive without breathing.
You are immune to petrification.
You are immune to rotting.


Message History

The freezing wraith hits you but does no damage.
You hit the freezing wraith but do no damage.
The freezing wraith barely misses you.
The freezing wraith hits you but does no damage.
You completely miss the freezing wraith.
You block the freezing wraith's attack. x2
You hit the freezing wraith but do no damage.
The freezing wraith hits you. The freezing wraith freezes you. You resist.
The freezing wraith hits you.
* * * LOW HITPOINT WARNING * * *
You hit the freezing wraith but do no damage.
The freezing wraith hits you!
* * * LOW HITPOINT WARNING * * *
The freezing wraith freezes you. You resist.
* * * LOW HITPOINT WARNING * * *
The freezing wraith hits you but does no damage.
You closely miss the freezing wraith. The freezing wraith hits you.
* * * LOW HITPOINT WARNING * * *
The freezing wraith freezes you! You resist.
You die...

##...###.##
..
######..#
#. ##..##
#.. ##...#
#.. ##...##
#.# ##...##
#..##...##
#..#..##
#..W@.#
##...##
#####


You could see a freezing wraith.

Vanquished Creatures
  4 two-headed ogres
  A centaur zombie (D:10)
  3 freezing wraiths (IceCv)
  3 hippogriffs
  2 hungry ghosts
  A wyvern (D:9)
  3 yaks (D:11)
  A death yak simulacrum (IceCv)
  4 porcupines (D:10)
  Duvessa (D:4)
  2 orc warriors
  A sky beast (D:8)
  3 black bears (D:10)
  An alligator simulacrum (IceCv)
  2 phantoms
  12 ice beasts
  5 ogres
  A necrophage (D:6)
  3 wolves (D:10)
  3 centaurs
  2 crocodiles (D:10)
  A gnoll sergeant (D:10)
  6 bullfrogs
  Dowan (D:4)
  6 scorpions
  An elephant simulacrum (IceCv)
  4 killer bees (D:8)
  5 wights (D:6)
  4 crimson imps
  A howler monkey (D:6)
  2 quasits
  2 jellies
  4 orc priests
  3 hounds
  11 orc wizards
  2 bullfrog skeletons (D:6)
  2 centaur skeletons
  2 iguanas
  5 worker ants
  Natasha (thrice) (D:4)
  A wolf simulacrum (IceCv)
  2 hound zombies
  2 hound skeletons
  A worker ant zombie (D:10)
  Robin (D:2)
  6 gnolls
  8 adders
  3 shadow imps
  17 white imps
  An ooze (D:1)
  An adder zombie (D:7)
  An adder skeleton (D:5)
  5 worms
  3 dart slugs
  4 leopard geckos
  49 orcs
  5 ball pythons
  11 bats
  6 giant cockroaches
  14 goblins
  12 hobgoblins
  14 jackals
  6 kobolds
  4 quokkas
  7 frilled lizards
  A jackal zombie (D:5)
  A leopard gecko skeleton (D:5)
  7 rats
316 creatures vanquished.

Notes
Turn   | Place    | Note
-------+----------+-------------------------------------------
     0 | D:1      | Delamore the Gargoyle Fighter began the quest for the Orb.
     0 | D:1      | Reached XP level 1. HP: 14/14 MP: 1/1
    82 | D:1      | Reached XP level 2. HP: 19/19 MP: 2/2
   555 | D:1      | Reached XP level 3. HP: 23/23 MP: 3/3
   958 | D:2      | Noticed Robin
  1146 | D:2      | Reached XP level 4. HP: 28/28 MP: 4/4
  1152 | D:2      | Killed Robin
  1266 | D:2      | Found a radiant altar of Vehumet.
  2097 | D:3      | Reached XP level 5. HP: 34/34 MP: 5/5
  2221 | D:3      | Reached skill level 5 in Fighting
  2221 | D:3      | Reached skill level 5 in Maces & Flails
  2221 | D:3      | Reached XP level 6. HP: 40/40 MP: 6/6
  2251 | D:3      | Found a hazy altar of Hepliaklqana.
  2740 | D:3      | Found a glowing golden altar of the Shining One.
  3099 | D:3      | Noticed a phantom
  3123 | D:3      | Killed a phantom
  3123 | D:3      | Reached XP level 7. HP: 39/46 MP: 7/7
  3296 | D:3      | Found a hide-covered altar of Uskayaw.
  3297 | D:3      | Found a shimmering altar of Xom.
  3387 | D:4      | Noticed Duvessa
  3387 | D:4      | Noticed Dowan
  3397 | D:4      | Killed Dowan
  3404 | D:4      | Killed Duvessa
  3646 | D:4      | Noticed Natasha
  3651 | D:4      | Killed Natasha
  3655 | D:4      | Noticed Natasha
  3659 | D:4      | Killed Natasha
  4107 | D:4      | Noticed Natasha
  4111 | D:4      | Killed Natasha
  4111 | D:4      | Reached XP level 8. HP: 53/53 MP: 8/8
  4190 | D:4      | Found a sacrificial altar of Ru.
  4358 | D:5      | Entered Level 5 of the Dungeon
  4649 | D:5      | Found Kaecvuz's Food Emporium.
  5368 | D:6      | Found a transporter.
  5388 | D:6      | Reached XP level 9. HP: 50/60 MP: 9/9
  5555 | D:6      | Noticed a brown ugly thing
  5559 | D:6      | Noticed a cyclops
  5562 | D:6      | Found a glowing silver altar of Zin.
  5563 | D:6      | Found a sparkling altar of Nemelex Xobeh.
  5563 | D:6      | Found an ancient bone altar of Kikubaaqudgha.
  5664 | D:6      | Got a twitching copper ring
  5856 | D:6      | Found a transporter.
  6026 | D:7      | Found an opulent altar of Gozag.
  6140 | D:7      | Reached skill level 10 in Fighting
  6206 | D:7      | Found a staircase to the Ecumenical Temple.
  6237 | D:7      | Found a shadowy altar of Dithmenos.
  6293 | Temple   | Entered the Ecumenical Temple
  6339 | Temple   | Became a worshipper of Warmaster Okawaru
  6533 | D:8      | Reached skill level 10 in Maces & Flails
  6543 | D:8      | Identified the ring of the Lost Nightmares {Ice SInv
                  | Stlth+} (You found it on level 6 of the Dungeon)
  6776 | D:8      | Reached * piety under Okawaru
  6776 | D:8      | Reached XP level 10. HP: 59/68 MP: 10/10
  6982 | D:8      | Noticed a two-headed ogre
  7059 | D:8      | Killed a two-headed ogre
  7321 | D:8      | Noticed a two-headed ogre
  7329 | D:8      | Killed a two-headed ogre
  7329 | D:8      | Reached ** piety under Okawaru
  7779 | D:9      | Found Meulops's Weapon Shop.
  7793 | D:9      | Found a staircase to the Orcish Mines.
  7798 | D:9      | Found Tidaor's Armour Shop.
  7916 | D:9      | Bought the +1 kite shield of Amorality {Str+6} for 291 gold
                  | pieces
  8161 | D:9      | Reached *** piety under Okawaru
  8497 | D:9      | Noticed a two-headed ogre
  8509 | D:9      | Killed a two-headed ogre
  8509 | D:9      | Reached XP level 11. HP: 21/76 MP: 11/11
  8783 | D:9      | Noticed a two-headed ogre
  8790 | D:9      | Killed a two-headed ogre
  8884 | D:9      | Noticed a moth of wrath
  8887 | D:9      | Found a bloodstained altar of Trog.
  8943 | D:9      | Found a blossoming altar of Fedhas.
  9035 | D:10     | Entered Level 10 of the Dungeon
  9035 | D:10     | Found a staircase to the Lair.
  9055 | D:10     | Reached **** piety under Okawaru
 10310 | D:11     | Reached ***** piety under Okawaru
 10425 | D:11     | Found a frozen archway.
 10491 | IceCv    | Entered an ice cave
 11267 | IceCv    | HP: 3/79 [freezing wraith (4)]
 11267 | IceCv    | Mangled by a freezing wraith

Illustrated notes

Levels and vault maps discovered:
D:1:      nzn_arrival_depleted_hourglass, layout_loops_ring
D:2:      layout_loops_ring, old_standard_altar, uniq_robin
D:3:      layout_basic, lemuel_coloured_pillars_altar,
          gammafunk_temple_overflow_statue, nicolae_overflow_crystal_walls
D:4:      layout_cave_pods, kennysheep_little_box, uniq_duvessa, uniq_natasha
D:5:      layout_basic, serial_shops, nicolae_shop_waterfront, first_ration
D:6:      layout_rooms, gammafunk_temple_overflow_arena
D:7:      layout_basic, overflow_temple_1_default,
          grunt_dithmenos_smoke_and_mirrors, temple_hall_moat
D:8:      layout_loops_ring, minmay_fractal_squares_5
D:9:      layout_roguey, tgw_trog, kennysheep_mini_moat, orc_david_3
D:10:     layout_basic, minmay_lair_entry_grove
D:11:     layout_loops_ring, portal_ice_cave_entry_imps
Temple:   compressed_dpeg_triangle_lava_temple
IceCv:    ice_cave_small_necro

Skill      XL: |  1  2  3  4  5  6  7  8  9 10 11 |
---------------+----------------------------------+-----
Maces & Flails | 3 4 5 6 8 10 11 13 | 13.0
Fighting       | 4 5 6 7 8 10 12 13 | 13.8
Armour         | |  3.2
Shields        | |  3.2

Action                   |  1- 3 |  4- 6 |  7- 9 | 10-12 || total
-------------------------+-------+-------+-------+-------++-------
Melee: Flail             |    53 |       |       |    14 ||    67
       Whip              |   105 |   209 |   340 |   553 ||  1207
Throw: Dart              |       |     9 |       |     6 ||    15
Invok: Heroism           |       |       |       |     1 ||     1
  Use: Scroll            |       |     4 |    10 |     2 ||    16
       Potion            |       |       |       |     3 ||     3
  Eat: Chunk             |     1 |     6 |    15 |    11 ||    33
       Ration            |       |       |       |     1 ||     1
Armor: Scale mail        |   108 |    65 |    86 |   240 ||   499
       Leather armour    |       |     9 |    67 |       ||    76
Dodge: Dodged            |    53 |    54 |    68 |   103 ||   278
Block: Kite shield       |    91 |    80 |   124 |   232 ||   527
